 Dungeon Crawl Stone Soup version 0.32-a0-913-g739538afd8 (webtiles) character file.

Game seed: 2909877142358369729

6851 BigDaddyOpFi the Blocker (level 11, -2/89 HPs)
             Began as a Gnoll Fighter on Apr 9, 2024.
             Was a Believer of Makhleb.
             Slain by a yak (3 damage)
             ... on level 9 of the Dungeon.
             The game lasted 00:17:01 (11275 turns).

BigDaddyOpFi the Blocker (Gnoll Fighter)           Turns: 11275, Time: 00:17:01

Health: -2/89      AC: 17    Str: 20    XL:     11   Next: 6%
Magic:  20/20      EV:  7    Int:  7    God:    Makhleb [**....]
Gold:   1124       SH:  6    Dex: 12    Spells: 22/22 levels left

rFire   + . .        a - +1 war axe
rCold   + . .        c - +0 buckler
rNeg    . . .        q - +1 plate armour
rPois   .            (no helmet)
rElec   .            u - scarf {rC+ rF+}
rCorr   .            x - +0 pair of gloves
SInv    .            (no boots)
Will    .....        (no amulet) Stlth
                     (no ring)
HPRegen 0.34/turn    (no ring)
MPRegen 0.17/turn

%: no passive effects
@: about to teleport
A: fangs 1, strong nose, distributed training, shaggy fur 1
a: Renounce Religion, Minor Destruction


You were on level 9 of the Dungeon.
You worshipped Makhleb.
Makhleb was pleased with you.
You visited 2 branches of the dungeon, and saw 10 of its levels.

You collected 1124 gold pieces.

Inventory:

Hand Weapons
 a - a +1 war axe (weapon)
Missiles
 e - 26 poisoned darts
 o - 2 javelins (quivered)
Armour
 c - a +0 buckler (worn)
 q - a +1 plate armour (worn)
 s - +0 steam dragon scales
 u - a scarf of resistance (worn)
 x - a +0 pair of gloves (worn)
Wands
 d - a wand of acid (10)
 h - a wand of paralysis (12)
 l - a wand of iceblast (8)
 y - a wand of polymorph (9)
Scrolls
 b - 2 scrolls of immolation
 g - a scroll of noise
 n - a scroll of amnesia
 p - 2 scrolls of identify
 v - a scroll of poison
 w - a scroll of vulnerability
Potions
 i - 2 potions of enlightenment
 j - 3 potions of mutation
 k - 3 potions of degeneration
 t - a potion of brilliance


   Skills:
 + Level 9.1 Fighting
 + Level 6.1 Short Blades
 + Level 6.1 Long Blades
 + Level 7.7 Axes
 + Level 6.1 Maces & Flails
 + Level 6.1 Polearms
 + Level 6.1 Staves
 + Level 6.1 Ranged Weapons
 + Level 6.1 Throwing
 + Level 9.1 Armour
 + Level 6.1 Dodging
 + Level 6.1 Stealth
 + Level 9.1 Shields
 + Level 6.1 Unarmed Combat
 + Level 6.1 Spellcasting
 + Level 5.0 Conjurations
 + Level 5.0 Hexes
 + Level 5.0 Summonings
 + Level 5.0 Necromancy
 + Level 5.0 Translocations
 + Level 5.0 Fire Magic
 + Level 5.0 Ice Magic
 + Level 5.0 Air Magic
 + Level 5.0 Earth Magic
 + Level 5.0 Alchemy
 + Level 6.7 Invocations
 + Level 6.1 Evocations
 + Level 5.5 Shapeshifting


You had 22 spell levels left.
You didn't know any spells.
Your spell library contained the following spells:

 Spells                   Type           Power      Damage    Failure   Level
 Freeze                   Ice            36%        1d5       56%         1
 Summon Small Mammal      Summ           36%        N/A       56%         1
 Ensorcelled Hibernation  Hex/Ice        18%        N/A       71%         2
 Jinxbite                 Hex            18%        N/A       71%         2
 Lesser Beckoning         Tloc           18%        N/A       71%         2
 Mercury Vapours          Alch/Air       18%        N/A       71%         2
 Call Canine Familiar     Summ           9%         N/A       90%         3
 Frozen Ramparts          Ice            18%        1d3       90%         3
 Fugue of the Fallen      Necr           9%         N/A       90%         3
 Hailstorm                Conj/Ice       9%         3d6       90%         3
 Maxwell's Portable Pile  Tloc           9%         2d(6-16)  90%         3
 Mephitic Cloud           Conj/Alch/Air  9%         N/A       90%         3
 Ozocubu's Armour         Ice            9%         N/A       90%         3
 Passwall                 Erth           9%         N/A       90%         3
 Swiftness                Air            9%         N/A       90%         3
 Teleport Other           Tloc           9%         N/A       90%         3
 Anguish                  Hex/Necr       4%         N/A       100%        4
 Animate Dead             Necr           9%         N/A       100%        4
 Summon Blazeheart Golem  Fire/Summ      9%         N/A       100%        4
 Borgnjor's Vile Clutch   Necr/Erth      4%         N/A       100%        5
 Freezing Cloud           Conj/Ice/Air   4%         6-21      100%        5
 Metabolic Englaciation   Hex/Ice        4%         N/A       100%        5
 Yara's Violent Unravell  Hex/Alch       4%         3d4       100%        5
 Death Channel            Necr           4%         N/A       100%        6
 Enfeeble                 Hex            4%         N/A       100%        7


Dungeon Overview and Level Annotations

Branches:
Dungeon (9/15)             Temple (1/1) D:6            Lair (0/5) D:8
    Orc: D:9-12

Altars:
Cheibriados
Dithmenos
Elyvilon
Fedhas
Gozag
Hepliaklqana
Kikubaaqudgha
Makhleb
Nemelex Xobeh
Okawaru
Qazlal
Ru
Sif Muna
Trog
Uskayaw
Vehumet
Wu Jian
Xom
Yredelemnul
Zin
The Shining One
Lugonu

Shops:
D:5 ?

Annotations:
D:7 2 transporters, GiantSquids's ghost, novice MDFi


Innate Abilities, Weirdness & Mutations

You have very sharp teeth.
Your uncanny sense of smell can sniff out nearby items.
Your experience applies equally to all skills.
You are covered in fur. (AC +1)


Message History

* * * LOW HITPOINT WARNING * * *
The yak attacks as it pursues you! The yak gores you but does no damage.
The yak attacks as it pursues you! The yak barely misses you.
The yak attacks as it pursues you! The yak completely misses you.
The yak attacks as it pursues you! You block the yak's attack.
The yak attacks as it pursues you! The yak gores you but does no damage.
The yak attacks as it pursues you! The yak barely misses you.
You see here a +0 falchion.
You hit the yak but do no damage. The yak gores you but does no damage.
You slash the yak!
The yak is moderately wounded.
The yak gores you but does no damage.
You closely miss the yak.
The yak is moderately wounded.
The yak gores you.
You slash the yak! You bite the yak.
The yak is heavily wounded.
The yak gores you.
You slash the yak!
The yak is almost dead.
You hit the yak but do no damage. x2; You block the yak's attack.
The yak barely misses you.
You slash the yak! You bite the yak.
The yak is moderately wounded.
You hit the yak but do no damage. The yak gores you.
* * * LOW HITPOINT WARNING * * *
The yak barely misses you.
You barely miss the yak.
The yak is moderately wounded.
You hit the yak but do no damage. The yak closely misses you.
The yak gores you!
* * * LOW HITPOINT WARNING * * *
The yak gores you!
* * * LOW HITPOINT WARNING * * *
Unknown command.
Okay, then.
Okay, then.
As you read the scroll of teleportation, it crumbles to dust.
You feel strangely unstable. The yak gores you.
You die...

##Y.# ##...## #
#..## #.....## ##
###..# #......###
#. .####..Y##
#........## ##.
.......Y.#
#..........###..
......#..#
#......#รท....#..
..#####..##
###.....####......
#
#...######Y.....##
##....#
##......YYY@....#
##...#
###........Y###...#
##..#
###......######
#..## #..#
.........# .# #..#
.........# # #.#.
.........## #.#.
########..# #. .
#..## ##.... .#
##..# ##.........#


You could see 5 yaks.

Vanquished Creatures
  A two-headed ogre (D:8)
  A manticore (D:9)
  An elephant (D:8)
  A komodo dragon (D:8)
  A kobold demonologist (D:6)
  A wraith (D:9)
  2 yaks (D:8)
  A steam dragon (D:7)
  2 water moccasins (D:8)
  2 ice beasts (D:6)
  2 orc warriors
  4 black bears
  3 sky beasts (D:7)
  2 ogres (D:6)
  2 centaurs
  3 phantoms
  4 bullfrogs (D:8)
  4 kobold brigands
  2 gnoll sergeants (D:8)
  6 scorpions
  2 wights (D:8)
  12 killer bees
  A howler monkey (D:7)
  A hound (D:7)
  A jelly (D:3)
  A gnoll bouda (D:4)
  6 orc priests
  5 sleepcaps
  4 iguanas
  Natasha (thrice) (D:2)
  3 orc wizards
  10 gnolls
  8 adders
  2 shadow imps
  A white imp (D:5)
  2 ufetubi (D:7)
  A dart slug (D:1)
  4 ribbon worms
  22 orcs
  4 ball pythons
  8 endoplasms
  2 giant cockroaches (D:4)
  15 goblins
  14 hobgoblins
  6 jackals
  5 quokkas
  9 bats
  4 frilled lizards
  24 kobolds
  8 rats
233 creatures vanquished.

Vanquished Creatures (others)
  An orc warrior (D:8)
  An orc (D:8)
2 creatures vanquished.

Grand Total: 235 creatures vanquished

Notes
Turn   | Place    | Note
-------+----------+-------------------------------------------
     0 | D:1      | BigDaddyOpFi the Gnoll Fighter began the quest for the Orb.
     0 | D:1      | Reached XP level 1. HP: 23/23 MP: 1/1
    47 | D:1      | Reached XP level 2. HP: 24/29 MP: 2/2
   269 | D:1      | Reached XP level 3. HP: 35/35 MP: 3/3
   683 | D:2      | Noticed Natasha
   685 | D:2      | Reached skill level 1 in Invocations
   698 | D:2      | Killed Natasha
   699 | D:2      | Reached skill level 1 in Short Blades
   699 | D:2      | Reached skill level 1 in Long Blades
   699 | D:2      | Reached skill level 1 in Maces & Flails
   699 | D:2      | Reached skill level 1 in Polearms
   699 | D:2      | Reached skill level 1 in Staves
   699 | D:2      | Reached skill level 1 in Ranged Weapons
   699 | D:2      | Reached skill level 1 in Throwing
   699 | D:2      | Reached skill level 1 in Dodging
   699 | D:2      | Reached skill level 1 in Stealth
   699 | D:2      | Reached skill level 1 in Unarmed Combat
   699 | D:2      | Reached skill level 1 in Spellcasting
   699 | D:2      | Reached skill level 1 in Evocations
   699 | D:2      | Reached skill level 1 in Shapeshifting
   699 | D:2      | Reached XP level 4. HP: 33/41 MP: 5/5
   708 | D:2      | Noticed Natasha
   716 | D:2      | Killed Natasha
   717 | D:2      | Reached skill level 1 in Conjurations
   717 | D:2      | Reached skill level 1 in Hexes
   717 | D:2      | Reached skill level 1 in Summonings
   717 | D:2      | Reached skill level 1 in Necromancy
   717 | D:2      | Reached skill level 1 in Translocations
   717 | D:2      | Reached skill level 1 in Fire Magic
   717 | D:2      | Reached skill level 1 in Ice Magic
   717 | D:2      | Reached skill level 1 in Air Magic
   717 | D:2      | Reached skill level 1 in Earth Magic
   717 | D:2      | Reached skill level 1 in Alchemy
   889 | D:2      | Noticed Natasha
   897 | D:2      | Killed Natasha
   898 | D:2      | Reached XP level 5. HP: 21/47 MP: 5/7
  1008 | D:2      | Found a glowing silver altar of Zin.
  2157 | D:4      | Reached XP level 6. HP: 35/53 MP: 8/8
  2533 | D:4      | Reached skill level 5 in Axes
  2569 | D:4      | Noticed a black bear
  2581 | D:4      | Killed a black bear
  2582 | D:4      | Reached XP level 7. HP: 37/60 MP: 10/10
  2905 | D:4      | Found a blossoming altar of Fedhas.
  2906 | D:4      | Found a glowing silver altar of Zin.
  2965 | D:4      | Gained mutation: You have extremely sharp teeth. [potion of
                  | mutation]
  2965 | D:4      | Gained mutation: You are partially covered in iridescent
                  | scales. (AC +2) [potion of mutation]
  3661 | D:4      | Found a basalt altar of Yredelemnul.
  3683 | D:4      | Found an opulent altar of Gozag.
  3683 | D:4      | Found a burning altar of Makhleb.
  3683 | D:4      | Found a glowing golden altar of the Shining One.
  3683 | D:4      | Found a white marble altar of Elyvilon.
  3710 | D:4      | Became a worshipper of Makhleb the Destroyer
  3913 | D:5      | Entered Level 5 of the Dungeon
  3922 | D:5      | Found Tiurec's Magic Scroll Emporium.
  4073 | D:5      | Reached XP level 8. HP: 60/67 MP: 12/12
  4143 | D:5      | Identified the +0 helmet of the Zebra {Will+}
  4301 | D:5      | Found a hide-covered altar of Uskayaw.
  4918 | D:6      | Found a staircase to the Ecumenical Temple.
  4928 | Temple   | Entered the Ecumenical Temple
  4996 | D:6      | Noticed a kobold demonologist
  5006 | D:6      | Noticed a rust devil
  5022 | D:6      | Killed a kobold demonologist
  5467 | D:6      | Found a bloodstained altar of Trog.
  5578 | D:6      | Reached XP level 9. HP: 72/73 MP: 14/14
  5605 | D:6      | Found a shimmering altar of Xom.
  5991 | D:7      | Reached * piety under Makhleb
  5992 | D:7      | Noticed a manticore
  6109 | D:7      | Found a transporter.
  6113 | D:7      | Noticed a cyclops
  6122 | D:7      | Noticed GiantSquids's ghost (novice MDFi)
  6174 | D:7      | Reached skill level 5 in Invocations
  6260 | D:7      | Found a transporter.
  6673 | D:8      | Noticed an elephant
  6685 | D:8      | Killed an elephant
  6698 | D:8      | Noticed a komodo dragon
  6712 | D:8      | Reached skill level 5 in Short Blades
  6712 | D:8      | Reached skill level 5 in Long Blades
  6712 | D:8      | Reached skill level 5 in Maces & Flails
  6712 | D:8      | Reached skill level 5 in Polearms
  6712 | D:8      | Reached skill level 5 in Staves
  6712 | D:8      | Reached skill level 5 in Ranged Weapons
  6712 | D:8      | Reached skill level 5 in Throwing
  6712 | D:8      | Reached skill level 5 in Dodging
  6712 | D:8      | Reached skill level 5 in Stealth
  6712 | D:8      | Reached skill level 5 in Unarmed Combat
  6712 | D:8      | Reached skill level 5 in Spellcasting
  6712 | D:8      | Reached skill level 5 in Evocations
  6712 | D:8      | Reached XP level 10. HP: 29/81 MP: 17/17
  6732 | D:8      | Found a staircase to the Lair.
  7740 | D:8      | Found an iron altar of Okawaru.
  7759 | D:8      | Found a stormy altar of Qazlal.
  7759 | D:8      | Found an ornate altar of the Wu Jian Council.
  7770 | D:8      | Found a shadowy altar of Dithmenos.
  7773 | D:8      | Found a sacrificial altar of Ru.
  8480 | D:8      | Reached skill level 5 in Shapeshifting
  8515 | D:8      | Reached ** piety under Makhleb
  9093 | D:8      | Noticed a two-headed ogre
  9102 | D:8      | Killed a two-headed ogre
  9677 | D:9      | Noticed a manticore
  9689 | D:9      | Killed a manticore
 10310 | D:9      | Reached skill level 5 in Conjurations
 10310 | D:9      | Reached skill level 5 in Hexes
 10310 | D:9      | Reached skill level 5 in Summonings
 10310 | D:9      | Reached skill level 5 in Necromancy
 10310 | D:9      | Reached skill level 5 in Translocations
 10310 | D:9      | Reached skill level 5 in Fire Magic
 10310 | D:9      | Reached skill level 5 in Ice Magic
 10310 | D:9      | Reached skill level 5 in Air Magic
 10310 | D:9      | Reached skill level 5 in Earth Magic
 10310 | D:9      | Reached skill level 5 in Alchemy
 10316 | D:9      | Reached XP level 11. HP: 50/89 MP: 20/20
 10383 | D:9      | Lost mutation: You are partially covered in iridescent
                  | scales. (AC +2) [potion of mutation]
 10383 | D:9      | Lost mutation: You have extremely sharp teeth. [potion of
                  | mutation]
 10383 | D:9      | Gained mutation: You are covered in fur. (AC +1) [potion of
                  | mutation]
 10388 | D:9      | HP: 4/89 [kobold/+0 short sword (2)]
 11274 | D:9      | HP: 1/89 [yak (13)]
 11275 | D:9      | Slain by a yak

Illustrated notes

Levels and vault maps discovered:
D:1:      scummos_arrival_checkerplants, layout_loops_ring
D:2:      layout_rooms, basic_altar, uniq_natasha
D:3:      layout_loops_ring
D:4:      corexii_shantytown, layout_rooms, old_standard_altar,
          chequers_temple_overflow_statue_of_worship,
          mainiacjoe_overflow_divided_tiny
D:5:      layout_gridville, marbit_many_paths, serial_shops, shop_coins
D:6:      layout_basic, trog_book, lemuel_doored_altar,
          minmay_temple_entry_gardened_gates
D:7:      layout_basic, nzn_ghost_randoct
D:8:      minmay_polygon_palace, layout_basic, minmay_overflow_temple_star_hex,
          grunt_lair_entry_orc_guard_hut, minmay_between
D:9:      layout_layer_cave, ashenzari_conservatory_becter, evilmike_butchery
Temple:   corrupted_temple

Skill      XL: |  1  2  3  4  5  6  7  8  9 10 |
---------------+-------------------------------+-----
Invocations    | 1 2 3 4 5 6 |  6.7
Short Blades   | 1 2 3 5 6 |  6.1
Long Blades    | 1 2 3 5 6 |  6.1
Maces & Flails | 1 2 3 5 6 |  6.1
Polearms       | 1 2 3 5 6 |  6.1
Staves         | 1 2 3 5 6 |  6.1
Ranged Weapons | 1 2 3 5 6 |  6.1
Throwing       | 1 2 3 5 6 |  6.1
Dodging        | 1 2 3 5 6 |  6.1
Stealth        | 1 2 3 5 6 |  6.1
Unarmed Combat | 1 2 3 5 6 |  6.1
Spellcasting   | 1 2 3 5 6 |  6.1
Evocations     | 1 2 3 5 6 |  6.1
Shapeshifting  | 1 2 3 4 5 |  5.5
Conjurations   | 1 2 3 4 5 |  5.0
Hexes          | 1 2 3 4 5 |  5.0
Summonings     | 1 2 3 4 5 |  5.0
Necromancy     | 1 2 3 4 5 |  5.0
Translocations | 1 2 3 4 5 |  5.0
Fire Magic     | 1 2 3 4 5 |  5.0
Ice Magic      | 1 2 3 4 5 |  5.0
Air Magic      | 1 2 3 4 5 |  5.0
Earth Magic    | 1 2 3 4 5 |  5.0
Alchemy        | 1 2 3 4 5 |  5.0
Axes           | 5 6 7 |  7.7
Fighting       | 7 8 9 |  9.1
Armour         | 7 8 9 |  9.1
Shields        | 7 8 9 |  9.1

Action                     |  1- 3 |  4- 6 |  7- 9 | 10-12 || total
---------------------------+-------+-------+-------+-------++-------
  Melee: War axe           |    61 |   150 |   339 |   272 ||   822
         Bite              |     4 |     8 |    37 |    39 ||    88
  Throw: Javelin           |       |       |     4 |     5 ||     9
  Evoke: Wand              |       |       |     1 |     1 ||     2
    Use: Scroll            |     5 |     6 |     6 |     6 ||    23
         Potion            |       |     3 |    10 |     4 ||    17
   Stab: Invisible         |       |       |       |     3 ||     3
 Armour: Scale mail        |    40 |    48 |       |       ||    88
         Plate armour      |       |    65 |   360 |   413 ||   838
         Skin              |       |    33 |     1 |       ||    34
  Dodge: Dodged            |    16 |    45 |   102 |   162 ||   325
  Block: Buckler           |    18 |    36 |   114 |   132 ||   300

Table legend: (Time is in decaauts)
 A = Elapsed time spent in this place.
 B = Non-inter-level travel time spent in this place.
 C = Inter-level travel time spent in this place.
 D = Time resting spent in this place.
 E = Time spent auto-exploring this place.
 F = Levels seen in this place.
 G = Mean time per level.
                   A        B        C        D        E       F      G
               +--------+--------+--------+--------+--------+-----+--------+
         Total |  11484 |  11314 |    170 |   4133 |   5154 |  10 | 1148.4 |
       Dungeon |  11483 |  11314 |    169 |   4133 |   5154 |   9 | 1275.9 |
        Temple |      1 |      0 |      1 |      0 |      0 |   1 |    1.0 |
               +--------+--------+--------+--------+--------+-----+--------+

Top non-repeatable levels by time:
     D:8: 3593 daAuts
     D:4: 1468 daAuts
     D:9: 1142 daAuts
     D:6: 1138 daAuts
     D:3: 1043 daAuts
     D:2: 865 daAuts
     D:5: 859 daAuts
     D:7: 711 daAuts
     D:1: 660 daAuts
  Temple: 1 daAuts
